Map: Disco Bloodbath LE

Players

Chappy

  • Race: Zerg Zerg
  • League: Master
  • Spawn Location: 3:00

PiG - Winner!

  • Race: Protoss Protoss
  • League: Master
  • Spawn Location: 9:00

VOD

Have the link to the VOD?

Description

Time

  • Played on: Aug. 26, 2019, 8:12 p.m.
  • Length: 10:52
Show
View Real Time Build Order
Export as new Build Order

Chappy Zerg 

Build Orders: Hatch First 

Get SALT Encoding   

  12  0:00  Drone  
  13  0:12  Overlord  
  13  0:16  Drone  
  14  0:30  Drone x2  
  16  0:48  Hatchery  
  15  0:51  Drone  
  15  0:55  Drone  
  17  0:58  Drone  
  18  1:09  Extractor  
  17  1:14  Spawning Pool  
  17  1:16  Drone  
  17  1:20  Drone  
  18  1:27  Drone  
  19  1:38  Overlord  
  19  2:01  Queen x2  
  19  2:02  Zergling x6  
  26  2:10  Metabolic Boost  
  26  2:13  Drone x2  
  28  2:23  Drone x2  
  30  2:36  Drone x2  
  32  2:45  Overlord  
  32  2:46  Hatchery  
  32  2:50  Drone  
  32  2:56  Queen  
  34  3:03  Drone  
  34  3:04  Drone  
  35  3:12  Drone x2  
  37  3:13  Drone x4  
  40  3:21  Drone x3  
  42  3:30  Drone x2  
  42  3:32  Drone  
  43  3:45  Overlord  
  43  3:54  Overlord  
  43  3:57  Queen  
  43  4:01  Queen  
  47  4:04  Drone x2  
  47  4:05  Drone x6  
  55  4:10  Spore Crawler  
  55  4:11  Overlord  
  55  4:14  Drone  
  55  4:18  Spore Crawler  
  55  4:21  Drone x4  
  58  4:27  Overlord  
  58  4:28  Overlord  
  58  4:35  Spore Crawler  
  58  4:38  Drone x3  
  60  4:41  Roach Warren  
  60  4:42  Overlord  
  59  4:46  Extractor x2  
  59  4:49  Zergling x8  
  58  4:55  Zergling x2  
  58  4:56  Zergling x4  
  58  4:57  Drone  
  59  5:07  Drone x4  
  59  5:11  Drone x2  
  63  5:19  Drone x4  
  67  5:22  Drone x3  
  70  5:35  Drone x4  
  74  5:40  Lair  
  74  5:47  Overlord  
  74  5:48  Drone x7  
  81  5:54  Overlord  
  81  6:00  Overlord x3  
  80  6:06  Roach x4  
  88  6:13  Overlord  
  93  6:18  Roach x3  
  93  6:23  Extractor, Roach  
  93  6:24  Roach x2  
  98  6:26  Extractor  
  98  6:28  Ravager x4  
  98  6:30  Zergling x12  
  107  6:38  Drone  
  108  6:40  Extractor, Drone  
  108  6:41  Drone x3  
  110  6:48  Zergling x4  
  110  6:49  Ravager  
  110  6:50  Overlord, Ravager x2  
  115  6:57  Zergling x8  
  115  6:58  Zergling x6  
  116  7:06  Zergling x10  
  111  7:13  Ravager  
  107  7:24  Evolution Chamber  
  107  7:25  Evolution Chamber, Overlord  
  107  7:27  Infestation Pit  
  104  7:37  Zergling x18  
  108  7:45  Roach x4  
  108  7:49  Overlord  
  108  7:50  Zerg Missile Weapons Level 1  
  115  7:51  Zerg Melee Weapons Level 1  
  115  7:52  Glial Reconstitution  
  115  7:54  Baneling Nest, Roach x4  
  120  8:00  Drone x3  
  120  8:07  Overlord, Infestor  
  120  8:11  Drone  
  123  8:18  Hive  
  118  8:24  Spire  
  118  8:26  Drone  
  118  8:27  Drone x5  
  123  8:37  Centrifical Hooks  
  123  8:39  Spire  
  122  8:43  Drone x3  
  122  8:44  Drone x2  
  127  8:53  Overlord  
  127  8:55  Queen  
  125  8:57  Roach  
  126  9:23  Overlord  
  126  9:26  Zergling x2, Hatchery, Roach x3  
  126  9:27  Zergling x2, Roach x2  
  126  9:29  Ravager  
  126  9:30  Ravager x6  
  143  9:32  Baneling  
  143  9:34  Baneling  
  144  9:50  Baneling  
  144  9:51  Baneling x6  
  142  9:56  Zergling x8, Roach x2  
  148  10:09  Overlord  
  147  10:15  Corruptor  
  149  10:24  Zergling x20  
  149  10:25  Zergling x2  
  146  10:32  Zergling x2  
  146  10:33  Zergling x2  
Show
View Real Time Build Order
Export as new Build Order

PiG Protoss - Winner!

Build Orders: 1 Gate Expand, Oracle Opening, Phoenix Opening, Chargelot Immortal 

Get SALT Encoding   

  12  0:01  Probe  
  13  0:13  Probe  
  14  0:23  Pylon  
  14  0:25  Probe  
  15  0:39  Probe  
  15  0:42  Gateway  
  16  0:47  Probe  
  16  0:49  Assimilator  
  16  0:55  Probe  
  18  1:08  Probe  
  19  1:20  Probe  
  20  1:26  Nexus  
  20  1:34  Cybernetics Core  
  20  1:37  Probe  
  21  1:43  Assimilator  
  21  1:49  Probe  
  21  1:51  Pylon  
  22  2:00  Adept  
  22  2:01  Probe  
  23  2:13  Probe  
  26  2:23  Stargate  
  26  2:25  Probe  
  26  2:28  Adept  
  27  2:35  Warp Gate, Probe  
  27  2:39  Probe  
  27  2:43  Probe  
  31  2:51  Probe  
  33  2:54  Probe  
  34  2:59  Gateway  
  34  3:03  Probe  
  35  3:11  Probe  
  36  3:15  Probe  
  37  3:23  Probe  
  37  3:25  Phoenix  
  38  3:32  Probe, Adept  
  41  3:37  Pylon  
  41  3:39  Probe  
  41  3:40  Pylon  
  42  3:43  Assimilator  
  42  3:45  Oracle  
  42  3:46  Assimilator  
  42  3:47  Probe  
  42  3:48  Adept  
  45  3:51  Probe  
  49  3:59  Probe  
  50  4:03  Probe  
  51  4:11  Probe  
  51  4:12  Oracle  
  51  4:15  Probe  
  53  4:23  Probe, Robotics Facility  
  57  4:27  Probe  
  58  4:34  Sentry  
  58  4:35  Sentry  
  62  4:41  Pylon  
  62  4:42  Gateway x2  
  62  4:46  Gateway  
  62  4:49  Gateway  
  62  4:54  Probe x2  
  62  4:59  Oracle  
  61  5:06  Probe x2  
  63  5:10  Immortal  
  63  5:11  Pylon  
  66  5:18  Probe  
  67  5:22  Pylon  
  67  5:24  Probe  
  68  5:30  Probe  
  69  5:36  Probe  
  69  5:40  Warp Prism  
  70  5:43  Sentry  
  70  5:44  Sentry x2  
  70  5:47  Sentry  
  80  5:50  Nexus  
  80  5:52  Sentry  
  80  5:53  Pylon  
  80  5:55  Pylon  
  82  6:01  Probe  
  83  6:05  Zealot  
  85  6:22  Immortal  
  85  6:23  Twilight Council  
  85  6:25  Forge  
  89  6:27  Stalker x3  
  89  6:29  Zealot x2, Stalker  
  89  6:31  Probe  
  102  6:37  Pylon  
  102  6:54  Protoss Ground Weapons Level 1  
  102  6:55  Probe  
  102  6:58  Zealot x3, Stalker  
  109  7:05  Charge  
  103  7:12  Sentry, Stalker  
  103  7:16  Probe  
  103  7:17  Probe x2  
  103  7:19  Assimilator  
  103  7:21  Assimilator  
  106  7:29  Probe x2  
  108  7:33  Probe  
  108  7:35  Adept  
  108  7:36  Adept  
  113  7:41  Probe  
  112  7:52  Immortal, Probe  
  112  7:55  Templar Archives  
  117  8:01  Robotics Facility  
  117  8:04  Probe x2  
  113  8:08  Probe  
  113  8:09  Zealot x2  
  114  8:16  Probe  
  114  8:17  Psionic Storm  
  113  8:24  Immortal  
  113  8:27  Zealot  
  113  8:28  Zealot x3  
  125  8:40  Gateway  
  125  8:41  Gateway  
  125  8:47  Gateway  
  125  8:50  Photon Cannon  
  125  8:52  Pylon  
  125  8:54  Pylon  
  125  8:55  Pylon  
  125  8:57  Pylon  
  125  8:59  Pylon  
  125  9:10  Probe  
  126  9:18  High Templar x4  
  126  9:19  High Templar x2  
  138  9:33  Immortal  
  138  9:37  Probe  
  138  9:38  Probe  
  140  9:42  Zealot x3  
  140  9:43  Immortal  
  154  9:49  Nexus  
  154  9:50  Assimilator  
  154  9:51  Zealot, High Templar x2  
  154  9:52  Zealot x3  
  158  9:55  Assimilator  
  158  10:03  Archon  
  158  10:04  Zealot  
  158  10:05  Zealot  
  158  10:06  Photon Cannon  
  162  10:10  Photon Cannon  
  162  10:11  Pylon  
  162  10:13  Shield Battery  
  146  10:39  Archon x2  
  146  10:40  Zealot x9  
  162  10:43  Photon Cannon  
  162  10:45  Photon Cannon, Pylon  
  162  10:47  Photon Cannon  
Tags
 
Add a new tag
Caveats
  • Supply blocks, unpowered buildings, or Contaminate may cause inaccurate times.
  • Supply counts are checked every 10 seconds.